 Dungeon Crawl Stone Soup version 0.31-a0-986-g5e6e4ef867 (webtiles) character file.

Game seed: 13393406131314506865

1481 grandjackal the Trooper (level 8, -1/63 HPs)
             Began as a Demonspawn Gladiator on Nov 20, 2023.
             Was a Believer of Kikubaaqudgha.
             Slain by a sky beast (6 damage)
             ... on level 6 of the Dungeon.
             The game lasted 00:09:45 (5141 turns).

grandjackal the Trooper (Demonspawn Gladiator)      Turns: 5141, Time: 00:09:47

Health: -1/63      AC: 14    Str: 16    XL:     8   Next: 50%
Magic:  8/8        EV: 12    Int:  8    God:    Kikubaaqudgha [**....]
Gold:   277        SH:  0    Dex: 16    Spells: 6/7 levels left

rFire   . . .        a - +0 long sword
rCold   . . .        (no shield)
rNeg    + . .        h - +0 ring mail
rPois   +            c - +0 helmet
rElec   .            F - +2 ratskin cloak {*Rats rPois rN+ Str-1 Int-1 Dex+1}
rCorr   .            E - +0 pair of gloves
SInv    +            v - +1 pair of boots
Will    .....        (no amulet)
Stlth   +            k - ring of see invisible
HPRegen 0.30/turn    C - ring of wizardry
MPRegen 0.11/turn

%: wizardry (x1)
@: no status effects
A: demonic guardian 1, foul stench 2, sharp scales 1
a: Renounce Religion, Unearth Wretches


You were on level 6 of the Dungeon.
You worshipped Kikubaaqudgha.
Kikubaaqudgha was pleased with you.
You visited 1 branch of the dungeon, and saw 6 of its levels.
You also visited: Sewer.

You collected 277 gold pieces.

Inventory:

Hand Weapons
 a - a +0 long sword (weapon)
Missiles
 b - 60 stones (quivered)
 d - 3 throwing nets
 e - a javelin
Armour
 c - a +0 helmet (worn)
 h - a +0 ring mail (worn)
 v - a +1 pair of boots (worn)
 E - a +0 pair of gloves (worn)
 F - the +2 ratskin cloak (worn) {*Rats rPois rN+ Str-1 Int-1 Dex+1}
   (You found it on level 6 of the Dungeon)

   *Rats:     When the wearer is hurt, rats may emerge from it to assist them.
   Str-1:     It affects your strength (-1).
   Int-1:     It affects your intelligence (-1).
   Dex+1:     It affects your dexterity (+1).
   rPois:     It protects you from poison rN+: It protects you from negative
   energy.
Jewellery
 k - a ring of see invisible (left hand)
 z - a ring of fire
 C - a ring of wizardry (right hand)
Wands
 D - a wand of charming (2)
Scrolls
 f - 2 scrolls of noise {unknown}
 g - a scroll of amnesia {unknown}
 i - 2 scrolls of acquirement {unknown}
 m - 2 scrolls of teleportation {unknown}
 n - 2 scrolls of poison {unknown}
 o - 2 scrolls of fog {unknown}
 q - a scroll of identify {unknown}
 t - a scroll of enchant weapon {unknown}
 w - a scroll of blinking
 x - a scroll of immolation {unknown}
 y - a scroll of revelation {unknown}
 A - a scroll of enchant armour {unknown}
Potions
 j - 2 potions of degeneration {unknown}
 l - a potion of magic {unknown}
 p - a potion of curing {unknown}
 r - 5 potions of might {unknown}
 s - 3 potions of invisibility
 u - a potion of heal wounds
 B - 2 potions of brilliance {unknown}


   Skills:
 + Level 5.6 Fighting
 + Level 5.5 Long Blades
 - Level 2.0 Throwing
 - Level 3.1 Armour
 - Level 3.0 Dodging
 + Level 3.2 Conjurations
 + Level 5.3 Necromancy


You had 6 spell levels left.
You knew the following spells:

 Your Spells              Type           Power      Damage    Failure   Level
a - Kiss of Death         Conj/Necr      24%        2d7       6%          1

Your spell library contained the following spells:

 Spells                   Type           Power      Damage    Failure   Level
 Necrotise                Necr           32%        1d5       4%          1
 Sublimation of Blood     Necr           8%         N/A       6%          2
 Cigotuvi's Dreadful Rot  Necr/Pois/Air  4%         N/A       24%         2


Dungeon Overview and Level Annotations

Branches:
Dungeon (6/15)              Sewer (visited)
 Temple: D:4-7

Altars:
Cheibriados
Kikubaaqudgha
Qazlal

Annotations:
D:3 3 runed translucent doors, pigah's ghost, amateur OpSh


Innate Abilities, Weirdness & Mutations

A weak demonic guardian rushes to your aid.
You sometimes emit foul miasma when damaged in melee.
You are partially covered in razor-sharp scales. (AC +1, Slay +1)


Message History

The sky beast shocks you.
* * * LOW HITPOINT WARNING * * *
The killer bee is engulfed in dark miasma.
The killer bee looks even sicker.
The killer bee seems to slow down.
You kill the killer bee!
Kikubaaqudgha accepts your kill.
The sky beast attacks as it pursues you!
The sky beast hits you.
* * * LOW HITPOINT WARNING * * *
The sky beast shocks you.
* * * LOW HITPOINT WARNING * * *
You hit the sky beast.
The sky beast is heavily wounded.
The sky beast barely misses you.
Your shadow imp hits the sky beast but does no damage.
You closely miss the sky beast.
The sky beast is heavily wounded.
The sky beast barely misses you.
Your shadow imp closely misses the sky beast.
The sky beast flickers out of sight for a moment.
The sky beast closely misses you.
You hit the sky beast.
The sky beast is heavily wounded.
Your shadow imp closely misses the sky beast.
The sky beast hits you but does no damage.
You hit the sky beast.
The sky beast is heavily wounded.
Your shadow imp hits the sky beast.
The sky beast barely misses you.
You slash the sky beast!
The sky beast is almost dead.
Your shadow imp barely misses the sky beast.
The sky beast hits you but does no damage.
You miss the sky beast.
The sky beast is almost dead.
Your shadow imp closely misses the sky beast.
The sky beast hits you.
* * * LOW HITPOINT WARNING * * *
The sky beast shocks you.
You die...
Kikubaaqudgha rasps: "You have failed me!
Welcome... death!"

# #.## #
##..... ####
#######†....#
...#
#...@Y5.....#
##.#
#.#####......#
##.# #.#
#...... ...#
#.# #....#
#..# ##.#
...## #..#
#..# ..# ...#
#.## ... #.##
#.# +## .#.##
#.#


You could see a sky beast (invisible) and a friendly shadow imp (summoned).

Vanquished Creatures
  Grinder (D:3)
  2 ice beasts
  A phantom (D:5)
  2 bullfrogs (Sewer)
  8 killer bees
  3 orc priests
  2 jellies
  3 iguanas
  2 orc wizards
  A gnoll (D:1)
  9 adders
  A river rat (D:3)
  A white imp (D:5)
  3 worms
  2 dart slugs
  16 orcs
  4 endoplasms
  14 giant cockroaches
  4 goblins
  2 hobgoblins (D:3)
  4 jackals (D:3)
  9 quokkas
  8 ball pythons
  3 bats (D:2)
  11 frilled lizards
  8 kobolds
  9 rats
133 creatures vanquished.

Vanquished Creatures (collateral kills)
  A killer bee (D:4)
  3 orcs
4 creatures vanquished.

Vanquished Creatures (others)
  A frilled lizard (D:3)
1 creature vanquished.

Grand Total: 138 creatures vanquished

Notes
Turn   | Place    | Note
-------+----------+-------------------------------------------
     0 | D:1      | grandjackal the Demonspawn Gladiator began the quest for
                  | the Orb.
     0 | D:1      | Reached XP level 1. HP: 16/16 MP: 1/1
    38 | D:1      | Gained mutation: You may rarely emit foul miasma when
                  | damaged in melee. [demonic ancestry]
    38 | D:1      | Reached XP level 2. HP: 11/22 MP: 2/2
   737 | D:2      | Gained mutation: You sometimes emit foul miasma when
                  | damaged in melee. [demonic ancestry]
   737 | D:2      | Reached XP level 3. HP: 22/28 MP: 3/3
   801 | D:2      | Found an ancient bone altar of Kikubaaqudgha.
   837 | D:2      | Became a worshipper of Kikubaaqudgha
  1065 | D:2      | Reached skill level 1 in Armour
  1141 | D:3      | Gained mutation: A weak demonic guardian rushes to your
                  | aid. [demonic ancestry]
  1141 | D:3      | Reached XP level 4. HP: 34/34 MP: 4/4
  1181 | D:3      | Reached skill level 1 in Necromancy
  1346 | D:3      | Reached * piety under Kikubaaqudgha
  1346 | D:3      | Received a gift from Kikubaaqudgha
  1374 | D:3      | Found a glowing drain.
  1378 | Sewer    | Entered a sewer
  1381 | Sewer    | Learned a level 1 spell: Kiss of Death
  1610 | Sewer    | Reached XP level 5. HP: 41/41 MP: 5/5
  1665 | Sewer    | Gained mutation: You are partially covered in razor-sharp
                  | scales. (AC +1, Slay +1) [demonic ancestry]
  1665 | Sewer    | Reached XP level 6. HP: 11/47 MP: 6/6
  1894 | D:3      | Noticed an ice beast
  1917 | D:3      | Killed an ice beast
  2195 | D:3      | Found a runed translucent gate.
  2195 | D:3      | Identified the +9 hand axe of Excruciating Pain {protect,
                  | *Rage rPois Str+3}
  2195 | D:3      | Noticed pigah's ghost (amateur OpSh)
  2196 | D:3      | Found a runed translucent gate.
  2197 | D:3      | Found a runed translucent gate.
  2576 | D:4      | Noticed Grinder
  2600 | D:3      | Paralysed by Grinder for 3 turns
  2620 | D:3      | Killed Grinder
  2621 | D:3      | Reached XP level 7. HP: 16/55 MP: 7/7
  2761 | D:3      | Reached ** piety under Kikubaaqudgha
  2873 | D:4      | Reached skill level 1 in Conjurations
  2875 | D:4      | HP: 1/55 [poisoned by a killer bee]
  3793 | D:4      | Found a snail-covered altar of Cheibriados.
  4013 | D:5      | Entered Level 5 of the Dungeon
  4202 | D:5      | Reached skill level 5 in Fighting
  4202 | D:5      | Reached skill level 5 in Long Blades
  4202 | D:5      | Reached XP level 8. HP: 43/62 MP: 8/8
  4687 | D:5      | Found a stormy altar of Qazlal.
  4972 | D:6      | Found the +2 ratskin cloak {*Rats rPois rN+ Str-1 Int-1
                  | Dex+1}
  5119 | D:6      | Reached skill level 5 in Necromancy
  5141 | D:6      | Slain by a sky beast

Illustrated notes

Levels and vault maps discovered:
D:1:      dpeg_arrival_fog, layout_basic
D:2:      layout_rooms, basic_altar, minmay_tetromino_t4
D:3:      layout_loops_ring, mainiacjoe_sewer_entry_somewhere_in_here_2,
          biasface_ghost_orc_armoury, lemuel_flame_loot_1
D:4:      layout_gridville, cheibrodos_worm_habitat, uniq_grinder
D:5:      layout_cave_pools, nicolae_qazlal_eye_of_the_storm
D:6:      layout_loops_corners, xom_butterflies, minmay_temple_entry_oklob,
          minmay_fire_ice_demons, uniq_menkaure

Skill      XL: |  1  2  3  4  5  6  7  8 |
---------------+-------------------------+-----
Throwing       | 2 |  2.0
Dodging        | 3 |  3.0
Long Blades    | 3 4 5 |  5.5
Armour         | 1 2 3 |  3.1
Necromancy     | 1 2 3 4 5 |  5.3
Fighting       | 3 4 5 |  5.6
Conjurations   | 2 3 |  3.2

Action                     |  1- 3 |  4- 6 |  7- 9 || total
---------------------------+-------+-------+-------++-------
  Melee: Long sword        |    79 |   197 |   188 ||   464
         Punch             |     1 |     4 |     3 ||     8
  Throw: Stone             |     6 |       |       ||     6
 Invoke: Unearth Wretches  |       |     1 |       ||     1
    Use: Potion            |       |       |     2 ||     2
   Stab: Paralysed         |       |     2 |       ||     2
 Armour: Leather armour    |     3 |       |       ||     3
         Ring mail         |    50 |   132 |   201 ||   383
  Dodge: Dodged            |    58 |   132 |   195 ||   385

Table legend: (Time is in decaauts)
 A = Elapsed time spent in this place.
 B = Non-inter-level travel time spent in this place.
 C = Inter-level travel time spent in this place.
 D = Time resting spent in this place.
 E = Time spent auto-exploring this place.
 F = Levels seen in this place.
 G = Mean time per level.
                   A        B        C        D        E       F      G
               +--------+--------+--------+--------+--------+-----+--------+
         Total |   5307 |   5122 |    185 |   1056 |   2617 |   7 |  758.1 |
       Dungeon |   4822 |   4637 |    185 |    929 |   2594 |   6 |  803.7 |
         Sewer |    484 |    484 |      0 |    127 |     22 |   1 |  484.0 |
               +--------+--------+--------+--------+--------+-----+--------+

Top non-repeatable levels by time:
     D:3: 1288 daAuts
     D:4: 1215 daAuts
     D:5: 939 daAuts
     D:2: 637 daAuts
     D:1: 534 daAuts
   Sewer: 484 daAuts
     D:6: 207 daAuts
